 Dungeon Crawl Stone Soup version 0.31-a0-180-g519b7de00c (webtiles) character file.

Game seed: 2912784524351626239

2900314 Ostroprsk the Slayer (level 27, 181/181 (196) HPs)
             Began as a Gargoyle Monk on Feb 15, 2022.
             Was a High Priest of Okawaru.
             Escaped with the Orb
             ... and 5 runes on June 20, 2023!
             The game lasted 14:09:50 (82736 turns).

Ostroprsk the Slayer (Gargoyle Monk)               Turns: 82736, Time: 14:09:51

HP:   181/181 (196) AC: 62    Str: 26      XL:     27
MP:   49/49         EV: 15    Int: 16 (18) God:    Okawaru [*****.]
Gold: 6023          SH: 24    Dex: 26      Spells: 52/52 levels left

rFire   + + .        r - +8 demon trident "Rift" {distort, reach+}
rCold   + + .        b - +2 kite shield of Mearoicu {rPois rF+ Will+ Regen+}
rNeg    + . .        a - +12 crystal plate armour "Qystreyqo" {Str+2 Stlth+}
rPois   ∞            L - -5 helmet "Viynug" {+Blink rElec rF+ Int+4}
rElec   +            A - scarf {harm}
rCorr   .            e - +2 pair of gloves {infuse}
SInv    +            P - +0 pair of boots "Goent" {Will+ Regen+ Dex+2 SInv}
Will    ++++.        V - amulet "Varghafeo" {Reflect rElec rF- rC+ Dex+2 SH+5} Stlth
                     K - ring of the Postmodern Friends {rC+ Str+2 Dex+6}
HPRegen 2.10/turn    N - ring of Beauty {rF+ MP+9}
MPRegen 0.31/turn

%: harm (+30% outgoing, +20% incoming), reflection, infuse magic (1 MP)
@: flying, drained
A: sickness immunity, AC +20, big wings, negative energy resistance 1,
electricity resistance, torment resistance 1, petrification resistance, talons
1, inability to read after injury 1
0: Orb of Zot
}: 5/15 runes: serpentine, barnacled, slimy, silver, obsidian
a: Renounce Religion, Evoke Blink, Heroism, Finesse, Duel


You escaped.
You worshipped Okawaru.
Okawaru was extremely pleased with you.
You visited 13 branches of the dungeon, and saw 64 of its levels.
You visited the Abyss 1 time.
You also visited: Trove, Ossuary, Ice Cave, Volcano and Desolation.

You collected 7967 gold pieces.
You spent 1944 gold pieces at shops.

Inventory:

Hand Weapons
 r - the +8 demon trident "Rift" (weapon) {distort, reach+}
   (You found it on level 2 of the Dungeon)
Missiles
 f - 48 atropa-tipped darts
 m - 16 silver boomerangs
 x - 6 boomerangs of dispersal
 D - 14 javelins (quivered)
 E - 9 throwing nets
 F - 2 boomerangs
 Q - 15 curare-tipped darts
 T - 10 silver javelins
 X - 15 datura-tipped darts
Armour
 a - the +12 crystal plate armour "Qystreyqo" (worn) {Str+2 Stlth+}
   (Okawaru gifted it to you on level 5 of the Lair of Beasts)

   Str:       It affects your strength (+2).
   Stlth:     It makes you more stealthy.
 b - the +2 kite shield of Mearoicu (worn) {rPois rF+ Will+ Regen+}
   (Okawaru gifted it to you on level 1 of the Realm of Zot)

   rF:        It protects you from fire.
   rPois:     It protects you from poison.
   Regen:     It increases your rate of health regeneration.
   Will:      It increases your willpower.
 e - a +2 pair of gloves of infusion (worn)
 A - a scarf of harm (worn)
 L - the -5 helmet "Viynug" (worn) {+Blink rElec rF+ Int+4}
   (Okawaru gifted it to you on level 15 of the Dungeon)

   Int:       It affects your intelligence (+4).
   rF:        It protects you from fire.
   rElec:     It insulates you from electricity.
   +Blink:    It lets you blink.
 P - the +0 pair of boots "Goent" (worn) {Will+ Regen+ Dex+2 SInv}
   (Okawaru gifted it to you on level 4 of the Snake Pit)

   Dex:       It affects your dexterity (+2).
   SInv:      It lets you see invisible.
   Regen:     It increases your rate of health regeneration.
   Will:      It increases your willpower.
Jewellery
 h - the amulet "Xywnopn" {Regen+ Str+7}
   (You bought it in a shop on level 2 of the Orcish Mines)

   [amulet of regeneration]

   Str:       It affects your strength (+7).
   Regen:     It increases your rate of health regeneration.
 K - the ring of the Postmodern Friends (left hand) {rC+ Str+2 Dex+6}
   (You found it on level 2 of the Depths)

   [ring of dexterity]

   Str:       It affects your strength (+2).
   Dex:       It affects your dexterity (+6).
   rC:        It protects you from cold.
 N - the ring of Beauty (right hand) {rF+ MP+9}
   (You found it in the Desolation of Salt)

   [ring of magical power]

   rF:        It protects you from fire.
   MP:        It affects your magic capacity (+9).
 V - the amulet "Varghafeo" (around neck) {Reflect rElec rF- rC+ Dex+2 SH+5}
   (You found it on level 3 of the Elven Halls)

   [amulet of reflection]

   It reflects blocked missile attacks.
   Dex:       It affects your dexterity (+2).
   rF:        It makes you vulnerable to fire.
   rC:        It protects you from cold.
   rElec:     It insulates you from electricity.
   SH:        It affects your SH (+5).
Wands
 l - a wand of digging (25)
 o - a wand of iceblast (7)
 w - a wand of paralysis (8)
 S - a wand of acid (16)
 W - a wand of mindburst (5)
Scrolls
 d - 6 scrolls of revelation
 j - 2 scrolls of silence
 q - 21 scrolls of teleportation
 B - 8 scrolls of fear
 J - 10 scrolls of blinking
 M - 3 scrolls of holy word
 R - 7 scrolls of fog
 Y - 3 scrolls of torment
Potions
 c - 19 potions of curing
 g - 17 potions of might
 i - 9 potions of magic
 n - 8 potions of haste
 p - 12 potions of heal wounds
 u - 4 potions of cancellation
 G - 3 potions of invisibility
 H - 2 potions of mutation
 O - 6 potions of resistance
 U - 2 potions of berserk rage
Miscellaneous
 s - a phial of floods
 t - a lightning rod (4/4)
 z - a condenser vane


   Skills:
 - Level 26.0 Fighting
 - Level 4.0 Maces & Flails
 + Level 23.0 Polearms
 - Level 2.4 Ranged Weapons
 + Level 22.9 Throwing
 + Level 20.7 Armour
 - Level 13.0 Dodging
 * Level 12.4 Stealth
 + Level 19.6 Shields
 - Level 13.0 Spellcasting
 - Level 11.1 Invocations
 - Level 10.1 Evocations


You had 52 spell levels left.
You didn't know any spells.
Your spell library contained the following spells:

 Spells                   Type           Power      Damage    Failure   Level
 Foxfire                  Conj/Fire      40%        2x1d6     71%         1
 Magic Dart               Conj           40%        1d5       71%         1
 Pain                     Necr           40%        1d6       71%         1
 Sandblast                Erth           20%        2d7       71%         1
 Sting                    Tmut/Pois      40%        1d5       71%         1
 Blink                    Tloc           20%        N/A       85%         2
 Ensorcelled Hibernation  Hex/Ice        20%        N/A       85%         2
 Passwall                 Tmut/Erth      8%         N/A       85%         2
 Poisonous Vapours        Pois/Air       20%        N/A       85%         2
 Confusing Touch          Hex            10%        N/A       97%         3
 Dazzling Flash           Conj/Hex       20%        N/A       97%         3
 Hailstorm                Conj/Ice       10%        3d5       97%         3
 Ignite Poison            Fire/Tmut/Pois 10%        N/A       97%         3
 Inner Flame              Hex/Fire       10%        N/A       97%         3
 Mephitic Cloud           Conj/Pois/Air  10%        N/A       97%         3
 Ozocubu's Armour         Ice            10%        N/A       97%         3
 Portal Projectile        Hex/Tloc       20%        N/A       97%         3
 Spider Form              Tmut/Pois      10%        N/A       97%         3
 Stone Arrow              Conj/Erth      20%        3d8       97%         3
 Swiftness                Air            10%        N/A       97%         3
 Anguish                  Hex/Necr       5%         N/A       100%        4
 Dispel Undead            Necr           10%        3d9       100%        4
 Flame Wave               Conj/Fire      10%        2d6       100%        4
 Ice Form                 Ice/Tmut       10%        N/A       100%        4
 Iskenderun's Mystic Bla  Conj/Tloc      10%        2d4       100%        4
 Leda's Liquefaction      Hex/Erth       5%         N/A       100%        4
 Manifold Assault         Tloc           10%        N/A       100%        4
 Olgreb's Toxic Radiance  Pois           10%        N/A       100%        4
 Passage of Golubria      Tloc           10%        N/A       100%        4
 Petrify                  Tmut/Erth      10%        N/A       100%        4
 Sticky Flame             Conj/Fire      10%        2d3       100%        4
 Agony                    Necr           10%        N/A       100%        5
 Alistair's Intoxication  Tmut/Pois      6%         N/A       100%        5
 Blade Hands              Tmut           5%         N/A       100%        5
 Borgnjor's Vile Clutch   Necr/Erth      5%         N/A       100%        5
 Freezing Cloud           Conj/Ice/Air   5%         6-21      100%        5
 Irradiate                Conj/Tmut      5%         3d13      100%        5
 Metabolic Englaciation   Hex/Ice        5%         N/A       100%        5
 Silence                  Hex/Air        5%         N/A       100%        5
 Yara's Violent Unravell  Hex/Tmut       5%         3d4       100%        5
 Starburst                Conj/Fire      5%         6d4       100%        6
 Dragon Form              Tmut           5%         N/A       100%        7
 Enfeeble                 Hex            5%         N/A       100%        7
 Orb of Destruction       Conj           5%         9d5       100%        7
 Ozocubu's Refrigeration  Ice            5%         4d8       100%        7
 Storm Form               Tmut/Air       5%         N/A       100%        7
 Lehudib's Crystal Spear  Conj/Erth      5%         10d3      100%        8
 Maxwell's Capacitive Co  Air            5%         ∞         100%        8
 Polar Vortex             Ice            5%         N/A       100%        9
 Call Imp                 Summ           Unusable   N/A       N/A         2
 Call Canine Familiar     Summ           Unusable   N/A       N/A         3
 Summon Guardian Golem    Hex/Summ       Unusable   N/A       N/A         3
 Tukima's Dance           Hex            Unusable   N/A       N/A         3
 Animate Dead             Necr           Unusable   N/A       N/A         4
 Summon Lightning Spire   Summ/Air       Unusable   N/A       N/A         4
 Summon Forest            Summ/Tloc      Unusable   N/A       N/A         5
 Death Channel            Necr           Unusable   N/A       N/A         6
 Simulacrum               Ice/Necr       Unusable   N/A       N/A         6
 Statue Form              Tmut/Erth      Unusable   N/A       N/A         6
 Malign Gateway           Summ/Tloc      Unusable   N/A       N/A         7
 Spellforged Servitor     Conj/Summ      Unusable   N/A       N/A         7
 Summon Horrible Things   Summ           Unusable   N/A       N/A         8
 Dragon's Call            Summ           Unusable   N/A       N/A         9

Dungeon Overview and Level Annotations

Branches:
Dungeon (15/15)            Temple (0/1) D:7            Lair (6/6) D:9
 Shoals (4/4) Lair:3        Snake (4/4) Lair:4        Slime (5/5) Lair:6
    Orc (2/2) D:9             Elf (3/3) Orc:2        Vaults (5/5) D:14
  Crypt (0/3) Vaults:2     Depths (4/4) D:15           Hell (visited)
    Dis (0/7) Hell            Geh (7/7) Hell            Coc (3/7) Hell
    Tar (0/7) Hell            Zot (5/5) Depths:4    Ossuary (visited)
  IceCv (visited)         Volcano (visited)         Desolation (visited)

Altars:
Ashenzari
Cheibriados
Dithmenos
Elyvilon
Gozag
Makhleb
Okawaru
Qazlal
Trog
Vehumet
Wu Jian
The Shining One
Jiyva

Shops:
D:12 =   Orc:1 **:   Orc:2 (=[(   Snake:1 :==   Snake:3 *[(*[   Vaults:1 =
Vaults:2 =   Depths:1 (   Depths:2 *=[

Portals:
Hell: Depths:1 Depths:2 Depths:3 Depths:4
Abyss: Depths:3
Pandemonium: Depths:2
Ziggurat: Depths:1
Ice
Cave: Shoals:3

Annotations:
Depths:2 1 runed translucent door, Ceefagg's ghost, adept MiGl
Abyss:1 Boris, Crazy Yiuf, Donald, Rupert, Vashnia


Innate Abilities, Weirdness & Mutations

You are immune to sickness and miasma.
Your stone body is resilient. (AC +20)
You are immune to poison.
Your large and strong wings let you fly.
You resist negative energy. (rN+)
You are resistant to electric shocks. (rElec)
You are resistant to unholy torment.
You are immune to petrification.
You have sharp toenails.
You occasionally lose the ability to read scrolls when taking damage.


Message History

(Z) Zot
Where to? (Enter - D:1, ? - help)
There is a stone staircase leading up here.
You fly upwards.
There is a stone staircase leading down here.
There is a stone staircase leading up here.
You fly upwards.
There is a stone staircase leading down here.
There is an open door here.
There is an open door here.
There is a stone staircase leading up here.
You fly upwards.
There is a stone staircase leading down here.
There is a stone staircase leading up here.
You fly upwards.
There is a stone staircase leading down here.
There is a stone staircase leading up here.
You fly upwards.
There is a stone staircase leading down here.
There is a stone staircase leading up here.
You fly upwards.
There is a stone staircase leading down here.
There is a stone staircase leading up here.
There is a stone staircase leading up here.
You fly upwards.
There is a stone staircase leading down here.
There is a stone staircase leading up here.
You fly upwards.
There is a stone staircase leading down here.
A large abomination comes into view.
A red devil comes into view. It is wielding a +0 trident.
An orange demon comes into view.
You block the red devil's attack. The red devil misses you.
A smoke demon comes into view. x2
The smoke demon gestures at you.
The ball of steam hits you but does no damage.
There is a staircase leading out of the dungeon here.
You can't go down here!
You have escaped!

##### ##############.@.########
#........##...8X8...##..#
##.#########..4......##..###
#...## ###.....3...##....######
.....#####..4......)............#
.........#......#..#.......####.#
...........3.......###...### #.#
.....###.#......##.# #...# #.#
##.### #.#......##)####.#######.#


You could see an orange demon, a large abomination, 2 smoke demons and a red
devil.

Vanquished Creatures
  Asmodeus (Arena)
  the Royal Jelly (Slime:5)
  6 dread liches
  3 ancient liches
  2 orbs of fire
  Saint Roka (Depths:4)
  8 Killer Klowns (Zot:5)
  Margery (Vaults:5)
  Frederick (Vaults:2)
  5 curse toes
  Xtahua (Vaults:5)
  A golden dragon (shapeshifter) (Vaults:5)
  11 golden dragons
  Geryon (Hell)
  8 Brimstone Fiends
  25 hellephants
  4 electric golems
  20 Orb Guardians
  Asterion (Vaults:1)
  2 liches
  12 tentacled monstrosities
  13 searing wretches
  A kraken (Shoals:3)
  Murray (Hell)
  3 deep elf blademasters (Elf:3)
  A titan (Vaults:4)
  13 quicksilver dragons
  A walking frostbound tome (Depths:2)
  2 deep elf master archers (Elf:3)
  16 acid blobs
  Frances (D:14)
  2 ancient champions (Hell)
  3 sphinxes
  Agnes (D:15)
  Polyphemus (Shoals:3)
  10 death cobs
  12 storm dragons
  5 tengu reavers
  12 shadow dragons
  8 draconian monks
  4 nagarajas
  Kirke (Snake:1)
  2 draconian knights
  19 rockslimes
  29 vault wardens
  8 frost giants
  5 azure jellies
  An imperial myrmidon (Desolation)
  17 fire giants
  Louise (D:14)
  13 balrugs
  5 deep elf sorcerers
  Aizul (Vaults:1)
  21 ironbound preservers
  A deep elf elementalist (Elf:3)
  2 draconian scorchers (Zot:1)
  2 ghost moths
  4 orc warlords
  2 cacodemons
  A spriggan defender (Depths:3)
  7 draconian stormcallers
  A caustic shrike skeleton (Hell)
  7 reapers (Hell)
  11 draconian annihilators
  A curse skull (Vaults:2)
  8 draconian shifters
  2 war gargoyles (Vaults:5)
  11 quicksilver oozes
  27 very ugly things
  10 stone giants
  9 ironbound thunderhulks
  3 vampire knights
  A lorocyproca (Depths:1)
  14 purple draconians
  17 green draconians
  5 deep elf demonologists
  9 dire elephants
  7 deep elf annihilators
  Azrael (Snake:1)
  3 entropy weavers
  4 spark wasps
  A halazid warlock (Desolation)
  12 yellow draconians
  12 red draconians
  19 black draconians
  10 white draconians
  4 blizzard demons
  4 deep elf high priests (Elf:3)
  Josephine (D:14)
  10 deep elf death magi
  5 merfolk impalers
  10 fire dragons
  5 merfolk javelineers (Shoals:4)
  3 crystal guardians
  19 yaktaur captains
  18 great orbs of eyes
  12 ettins
  Harold (D:9)
  2 iron golems (Hell)
  5 rakshasas
  A spriggan zombie (Hell)
  3 caustic shrike simulacra (Coc:3)
  27 vault guards
  7 ragged hierophants (Desolation)
  10 salamander tyrants
  6 servants of whispers (Desolation)
  7 hydras
  A spriggan air mage (Depths:2)
  Erolcha (D:9)
  3 boulder beetles
  14 naga warriors
  7 peacekeepers
  8 ice dragons
  7 ogre magi
  A hell beast (Depths:3)
  6 ironbound frosthearts
  6 centaur warriors
  3 catoblepae
  9 anacondas
  27 dancing weapons
  12 two-headed ogres
  4 merfolk aquamancers (Shoals:4)
  3 stokers
  2 vampire magi (Depths:1)
  5 satyrs
  7 tengu warriors
  3 orc high priests (Orc:2)
  9 death yaks
  9 deep troll shamans
  6 deep troll earth magi
  8 merfolk avatars
  19 hell hogs
  Urug (D:11)
  16 hell knights
  6 shock serpents
  Sonja (D:13)
  29 deep elf knights
  4 spriggan berserkers
  A crystal echidna (Hell)
  8 soul eaters
  7 sun demons
  10 naga sharpshooters
  2 spriggans (Depths:2)
  2 shadow wraiths (Hell)
  5 iron trolls
  10 salamander mystics
  2 sixfirhies
  5 skeletal warriors
  9 sea snakes
  A death drake (Depths:4)
  A quicksilver dragon simulacrum (Coc:2)
  A shadow demon (D:15)
  A spectral anaconda (Lair:6)
  19 deep elf archers
  2 glowing orange brains
  5 flayed ghosts
  7 phantasmal warriors
  13 lindwurms
  4 naga ritualists
  6 harpies
  A spriggan simulacrum (Coc:2)
  10 orc knights
  An obsidian statue (Lair:6)
  58 deep trolls
  Pikel (D:6)
  8 wizards
  23 ironbound convokers
  5 mana vipers
  29 deep elf zephyrmancers
  22 deep elf pyromancers
  A fenstrider witch simulacrum (Hell)
  10 necromancers
  29 ugly things
  10 cyclopes
  4 orc sorcerers
  4 orange crystal statues
  A faun (shapeshifter) (Depths:3)
  21 fauns
  20 manticores
  A manticore (shapeshifter) (Depths:2)
  27 elephants
  31 salamanders
  4 shining eyes
  A fire giant skeleton (Vaults:1)
  11 guardian serpents
  2 rust devils
  Joseph (Lair:1)
  A frost giant skeleton (Vaults:1)
  18 moths of wrath
  4 centaur zombies
  12 naga magi
  Maurice (D:13)
  8 apocalypse crabs (Zot:1)
  19 vault sentinels
  10 merfolk sirens
  A molten gargoyle (Desolation)
  10 water nymphs
  2 eyes of devastation
  A torpor snail (Lair:5)
  28 black mambas
  2 gargoyles
  2 efreet (D:15)
  A yaktaur zombie (Vaults:2)
  A cane toad (shapeshifter) (Vaults:5)
  2 smoke demons
  A naga skeleton (Hell)
  7 hellions
  2 orange demons
  2 hellwings
  49 yaktaurs
  An unseen horror (D:11)
  8 freezing wraiths
  12 cane toads
  12 komodo dragons
  6 rime drakes
  A red devil (Depths:2)
  3 tormentors
  2 anaconda simulacra
  3 ice devils
  A tengu conjurer (Depths:1)
  A harpy zombie (Hell)
  A golden dragon simulacrum (IceCv)
  A hornet (shapeshifter) (Elf:3)
  A tarantella (shapeshifter) (Elf:2)
  3 hornets
  4 wind drakes
  30 merfolk
  8 trolls
  A polar bear (Lair:6)
  141 slime creatures
  23 blink frogs
  56 saltlings (Desolation)
  A spectral elephant (Lair:6)
  4 large abominations (Zot:2)
  19 dream sheep
  14 snapping turtles
  A stone giant simulacrum (Vaults:2)
  2 air elementals
  A centaur simulacrum (D:14)
  An ettin skeleton (Vaults:1)
  4 dire elephant simulacra
  2 culicivoras
  2 shadows
  A naga simulacrum (Hell)
  2 hogs (Snake:1)
  6 fire bats (Volcano)
  5 water elementals
  6 basilisks
  2 humans (Snake:1)
  6 wraiths
  39 yaks
  2 fire elementals
  9 wyverns
  A chaos spawn (Depths:2)
  A redback (Vaults:3)
  A steam dragon (D:9)
  4 golden eyes
  Edmund (D:5)
  8 wargs
  A death yak simulacrum (Lair:6)
  11 vampire mosquitoes
  A swamp worm (shapeshifter) (D:15)
  3 harpy simulacra
  38 nagas
  An acid dragon (D:11)
  7 hell hounds
  Duvessa (D:4)
  A hydra simulacrum (IceCv)
  17 water moccasins
  A human skeleton (Vaults:1)
  2 ice beasts
  38 orc warriors
  A black bear (D:7)
  2 elephant zombies (Lair:6)
  2 human zombies
  3 necrophages
  5 boggarts (Vaults:2)
  3 alligator simulacra (IceCv)
  8 centaurs
  2 ettin simulacra (IceCv)
  13 ogres
  A kobold brigand (D:10)
  2 phantoms
  2 gnoll sergeants (D:12)
  8 bullfrogs
  An earth elemental (Elf:1)
  2 wyvern zombies (D:8)
  7 scorpions
  Dowan (D:4)
  A human simulacrum (Vaults:2)
  5 lindwurm simulacra (IceCv)
  15 killer bees
  2 electric eels (D:8)
  5 lava snakes (Volcano)
  A crimson imp (D:8)
  An iron imp (D:4)
  20 orc priests
  3 hounds
  30 orc wizards
  10 hell rats
  A killer bee zombie (D:8)
  3 mummies (Ossuary)
  A howler monkey zombie (D:6)
  16 gnolls
  9 adders
  A shadow imp (D:6)
  A white imp (D:5)
  An ufetubus (D:6)
  3 adder zombies (Ossuary)
  5 worms
  3 dart slugs
  109 orcs
  11 bats
  5 endoplasms
  2 giant cockroaches
  14 goblins
  2 hobgoblins
  4 quokkas
  7 ball pythons
  A frilled lizard (D:2)
  7 goblin zombies
  5 hobgoblin zombies
  7 kobolds
  2 kobold skeletons (D:8)
  6 kobold zombies
  An orc skeleton (D:8)
  2 orc zombies (D:8)
  A quokka zombie (Ossuary)
  6 rats
  3 rat zombies
  7 creeping infernos
  24 fire vortices
2622 creatures vanquished.

Vanquished Creatures (others)
  A draconian knight (Zot:3)
  A red draconian (Depths:4)
  A caustic shrike simulacrum (Coc:3)
  A merfolk aquamancer (Shoals:4)
  A quicksilver dragon simulacrum (Coc:3)
  A wizard (D:14)
  A harpy simulacrum (Coc:1)
  An ettin simulacrum (Coc:3)
  An earth elemental (Elf:2)
  2 creeping infernos
  3 fire vortices
  4 tentacles (Shoals:3)
18 creatures vanquished.

Grand Total: 2640 creatures vanquished

Notes
Turn   | Place    | Note
-------+----------+-------------------------------------------
     0 | D:1      | Ostroprsk the Gargoyle Monk began the quest for the Orb.
     0 | D:1      | Reached XP level 1. HP: 14/14 MP: 1/1
    24 | D:1      | Found a faded altar of an unknown god.
   329 | D:1      | Reached XP level 2. HP: 15/19 MP: 2/2
   399 | D:1      | Prayed at the altar of an unknown god.
   399 | D:1      | Became a worshipper of Warmaster Okawaru
   399 | D:1      | Reached * piety under Okawaru
   399 | D:1      | Reached ** piety under Okawaru
  1404 | D:2      | Reached XP level 3. HP: 23/23 MP: 3/3
  1519 | D:2      | Identified the +1 leather armour of the Harvest {Int+3}
  2533 | D:2      | Found the +8 demon trident "Rift" {distort, reach+}
  2613 | D:3      | Reached XP level 4. HP: 28/28 MP: 4/4
  2923 | D:3      | Reached skill level 1 in Polearms
  2937 | D:3      | Found a bloodstained altar of Trog.
  3015 | D:3      | Found a broken altar of Ashenzari.
  3030 | D:3      | Reached *** piety under Okawaru
  3031 | D:3      | Reached skill level 1 in Armour
  3031 | D:3      | Reached XP level 5. HP: 32/33 MP: 5/5
  3225 | D:3      | Reached XP level 6. HP: 38/38 MP: 6/6
  3853 | D:4      | Noticed Duvessa
  3853 | D:4      | Noticed Dowan
  3863 | D:4      | Killed Duvessa
  3864 | D:4      | Reached skill level 4 in Fighting
  3864 | D:4      | Killed Dowan
  3957 | D:4      | Reached XP level 7. HP: 43/43 MP: 7/7
  3992 | D:4      | Reached **** piety under Okawaru
  4000 | D:4      | Reached skill level 5 in Polearms
  4142 | D:5      | Entered Level 5 of the Dungeon
  4168 | D:5      | Reached XP level 8. HP: 48/48 MP: 8/8
  4220 | D:5      | Noticed Edmund
  4244 | D:5      | Killed Edmund
  4548 | D:4      | Found a snail-covered altar of Cheibriados.
  4722 | D:4      | Found an ornate altar of the Wu Jian Council.
  4814 | D:4      | Reached skill level 5 in Fighting
  4940 | D:4      | Found a runed translucent door.
  4941 | D:4      | Noticed Crazy Yiuf
  4945 | D:4      | Banished Crazy Yiuf
  5071 | D:5      | Reached skill level 1 in Invocations
  5457 | D:6      | Reached XP level 9. HP: 54/54 MP: 10/10
  5472 | D:6      | Reached ***** piety under Okawaru
  5890 | D:7      | Found a staircase to the Ecumenical Temple.
  5900 | D:7      | Noticed Pikel
  5909 | D:6      | Killed Pikel
  5941 | D:7      | Found a sand-covered staircase.
  5948 | Ossuary  | Entered an ossuary
  6279 | D:7      | Received a gift from Okawaru
  6280 | D:7      | Reached skill level 10 in Polearms
  6776 | D:7      | Reached XP level 10. HP: 60/60 MP: 12/12
  6982 | D:8      | Found a glowing golden altar of the Shining One.
  7672 | D:8      | Reached skill level 6 in Fighting
  7689 | D:8      | Found an opulent altar of Gozag.
  7689 | D:8      | Found a burning altar of Makhleb.
  8108 | D:9      | Found a staircase to the Lair.
  8170 | D:9      | Found a stormy altar of Qazlal.
  8520 | D:9      | Reached XP level 11. HP: 66/66 MP: 14/14
  8578 | D:9      | Reached skill level 5 in Invocations
  8638 | D:9      | Found a staircase to the Orcish Mines.
  8884 | D:9      | Noticed Erolcha
  8889 | D:9      | Killed Erolcha
  8889 | D:9      | Received a gift from Okawaru
  9064 | D:9      | Noticed a two-headed ogre
  9069 | D:9      | Killed a two-headed ogre
  9070 | D:9      | Reached skill level 1 in Shields
  9130 | D:9      | Noticed a centaur warrior
  9136 | D:9      | Killed a centaur warrior
  9139 | D:9      | Noticed a green ugly thing
  9144 | D:9      | Killed a green ugly thing
  9145 | D:9      | Reached skill level 5 in Armour
  9146 | D:9      | Noticed a deep elf pyromancer
  9149 | D:9      | Killed a deep elf pyromancer
  9154 | D:9      | Noticed a deep elf pyromancer
  9155 | D:9      | Killed a deep elf pyromancer
  9160 | D:9      | Noticed a deep elf pyromancer
  9166 | D:9      | Killed a deep elf pyromancer
  9167 | D:9      | Reached skill level 7 in Fighting
  9169 | D:9      | Noticed a flayed ghost
  9170 | D:9      | Killed a flayed ghost
  9188 | D:9      | Noticed a centaur warrior
  9194 | D:9      | Killed a centaur warrior
  9203 | D:9      | Noticed a tengu warrior
  9209 | D:9      | Killed a tengu warrior
  9209 | D:9      | Reached ****** piety under Okawaru
  9214 | D:9      | Noticed a centaur warrior
  9217 | D:9      | Killed a centaur warrior
  9217 | D:9      | Received a gift from Okawaru
  9217 | D:9      | Found the +3 warlock's mirror {reflect}
  9218 | D:9      | Reached XP level 12. HP: 72/72 MP: 16/16
  9515 | Lair:1   | Entered Level 1 of the Lair of Beasts
  9805 | Lair:1   | Noticed Joseph
  9820 | Lair:1   | Killed Joseph
 10595 | Lair:2   | Noticed a seven-headed hydra
 10621 | Lair:2   | Killed a seven-headed hydra
 10629 | Lair:2   | Reached skill level 8 in Fighting
 11703 | Lair:3   | Noticed a four-headed hydra
 11715 | Lair:2   | Killed a four-headed hydra
 11723 | Lair:3   | Reached skill level 9 in Fighting
 11729 | Lair:3   | Noticed an eight-headed hydra
 11736 | Lair:3   | Killed an eight-headed hydra
 11736 | Lair:3   | Received a gift from Okawaru
 11765 | Lair:3   | Found a dark tunnel.
 11797 | Volcano  | Entered a volcano
 11848 | Volcano  | Reached XP level 13. HP: 80/80 MP: 18/18
 12122 | Volcano  | Noticed a red draconian
 12125 | Volcano  | Reached skill level 15 in Polearms
 12145 | Volcano  | Banished a red draconian
 12180 | Volcano  | Found a radiant altar of Vehumet.
 12204 | Volcano  | Found a burning altar of Makhleb.
 12344 | Lair:3   | Reached skill level 10 in Fighting
 12723 | Lair:3   | Received a gift from Okawaru
 12901 | Lair:3   | Found a staircase to the Shoals.
 13773 | Lair:4   | Found a staircase to the Snake Pit.
 13791 | Lair:3   | Reached skill level 5 in Shields
 13873 | Lair:4   | Found a snail-covered altar of Cheibriados.
 14013 | Lair:3   | Received a gift from Okawaru
 14800 | Lair:4   | Gained mutation: Your large and strong wings let you fly.
                  | [Gargoyle growth]
 14800 | Lair:4   | Reached XP level 14. HP: 88/88 MP: 20/20
 15064 | Lair:4   | Reached skill level 11 in Fighting
 15305 | Lair:5   | Reached skill level 5 in Dodging
 15613 | Lair:5   | Identified the +12 crystal plate armour "Qystreyqo" {Str+2
                  | Stlth+} (Okawaru gifted it to you on level 5 of the Lair of
                  | Beasts)
 15613 | Lair:5   | Received a gift from Okawaru
 15922 | Lair:6   | Entered Level 6 of the Lair of Beasts
 16098 | Lair:6   | Reached skill level 12 in Fighting
 16345 | Lair:6   | Found a staircase to the Slime Pits.
 16345 | Lair:6   | Found a viscous altar of Jiyva.
 16375 | Lair:6   | Found the +7 captain's cutlass {speed, disarm}
 16447 | Lair:6   | Identified the +3 rapier "Dragonbane" {flame, rElec SInv}
 16452 | Lair:6   | Got the Grimoire of Moulding
 16785 | Lair:6   | Reached XP level 15. HP: 97/97 MP: 21/21
 16990 | Lair:6   | Reached skill level 10 in Armour
 17336 | Lair:6   | Identified the +3 buckler "Fureq" {rN++ Int+7 Stlth+}
                  | (Okawaru gifted it to you on level 6 of the Lair of Beasts)
 17336 | Lair:6   | Received a gift from Okawaru
 17356 | Lair:6   | Identified the ring "Qaufou" {EV+4 Str-2 Int+9 Dex-2
                  | Stlth+}
 17537 | Lair:6   | Reached skill level 13 in Fighting
 17672 | Lair:6   | Upgraded the game from 0.29-a0-101-g0f647bec9a to
                  | 0.29-a0-110-g189f89ecda
 17893 | Orc:1    | Entered Level 1 of the Orcish Mines
 18010 | Orc:1    | Noticed Harold
 18145 | D:9      | Killed Harold
 18218 | Orc:1    | Found Jixt's Book Emporium.
 18235 | Orc:1    | Found Jizxal's Assorted Antiques.
 18488 | Orc:2    | Entered Level 2 of the Orcish Mines
 18691 | Orc:1    | Noticed an orc warlord
 18824 | Orc:2    | Reached skill level 1 in Throwing
 19091 | Orc:2    | Found Ilieteaz's Antique Weapon Emporium.
 19213 | Orc:1    | Found Ibbong's Gadget Gallery.
 19280 | Orc:2    | Found a staircase to the Elven Halls.
 19410 | Orc:2    | Noticed an orc warlord
 19437 | Orc:1    | Killed an orc warlord
 19537 | Orc:2    | Found Rutoit's Antique Armour Shoppe.
 19542 | Orc:2    | Found Jyr Kiq's Antique Weapon Emporium.
 19553 | Orc:2    | Bought a pair of embroidered gloves for 127 gold pieces
 19553 | Orc:2    | Bought a pair of smouldering boots for 161 gold pieces
 19553 | Orc:2    | Identified the +1 pair of boots of Mezcal {rPois rN+ Dex+3}
                  | (You bought it in a shop on level 2 of the Orcish Mines)
 19979 | Orc:2    | Found Beruipn's Jewellery Shoppe.
 19987 | Orc:2    | Bought the amulet "Xywnopn" {Regen+ Str+7} for 878 gold
                  | pieces
 20290 | Arena    | Entered the Arena
 20410 | Orc:1    | Killed an orc warlord
 20585 | D:10     | Entered Level 10 of the Dungeon
 20594 | D:10     | Found an iron altar of Okawaru.
 21101 | D:10     | Found a shadowy altar of Dithmenos.
 21480 | D:11     | Reached skill level 14 in Fighting
 21733 | D:11     | Received a gift from Okawaru
 21734 | D:11     | Noticed Urug
 21739 | D:11     | Killed Urug
 22321 | D:12     | Reached XP level 16. HP: 106/106 MP: 22/22
 22476 | D:12     | Found Oshuplirr's Jewellery Shop.
 23289 | D:13     | Noticed Rupert
 23292 | D:13     | Banished Rupert
 23538 | D:13     | Noticed Sonja
 23547 | D:13     | Killed Sonja
 23727 | D:13     | Noticed Maurice
 23731 | D:13     | Killed Maurice
 23731 | D:13     | Received a gift from Okawaru
 24062 | D:14     | Noticed Frances
 24069 | D:14     | Killed Frances
 24222 | D:14     | Found a portal to a secret trove of treasure.
 24359 | D:14     | Received a gift from Okawaru
 24382 | D:14     | Noticed Louise
 24384 | D:14     | Cast into level 2 of the Abyss (Louise)
 24405 | Abyss:2  | Noticed a tentacled starspawn
 24408 | D:14     | Escaped the Abyss
 24418 | D:14     | Killed Louise
 24537 | D:14     | Noticed Josephine
 24543 | D:14     | Killed Josephine
 24543 | D:14     | Received a gift from Okawaru
 24714 | D:14     | Found a gate to the Vaults.
 24914 | D:15     | Entered Level 15 of the Dungeon
 24974 | D:15     | Received a gift from Okawaru
 24998 | D:15     | Reached skill level 5 in Throwing
 25387 | D:15     | Reached skill level 15 in Fighting
 25451 | D:15     | Identified the -5 helmet "Viynug" {+Blink rElec rF+ Int+4}
                  | (Okawaru gifted it to you on level 15 of the Dungeon)
 25451 | D:15     | Received a gift from Okawaru
 25983 | D:15     | Found a staircase to the Depths.
 26149 | D:15     | Noticed Agnes
 26152 | D:15     | Killed Agnes
 26542 | Snake:1  | Entered Level 1 of the Snake Pit
 26556 | Snake:1  | Reached XP level 17. HP: 113/113 MP: 14/23
 27079 | Snake:1  | Noticed Kirke
 27097 | Snake:1  | Killed Kirke
 27239 | Snake:1  | Found Ucoaviom's Book Emporium.
 27239 | Snake:1  | Found Bitaosa's Jewellery Boutique.
 27240 | Snake:1  | Found Cietot's Jewellery Boutique.
 27279 | Snake:2  | Noticed Azrael
 27291 | Snake:1  | Killed Azrael
 28205 | Snake:2  | Identified the +2 hat "Simes" {Rampage} (Okawaru gifted it
                  | to you on level 2 of the Snake Pit)
 28205 | Snake:2  | Received a gift from Okawaru
 28896 | Snake:2  | Identified 2 scrolls of acquirement
 28896 | Snake:2  | Acquired a manual of Spellcasting
 28898 | Snake:2  | Acquired a manual of Dodging
 29107 | Snake:3  | Reached skill level 1 in Spellcasting
 29144 | Snake:3  | Found Jaokhluapp's Specific Store.
 29148 | Snake:3  | Found Toosenef's General Store.
 29152 | Snake:3  | Bought a scroll of teleportation for 51 gold pieces
 29156 | Snake:3  | Bought a throwing net for 42 gold pieces
 29156 | Snake:3  | Bought 2 scrolls of enchant armour for 210 gold pieces
 29168 | Snake:3  | Reached skill level 16 in Fighting
 29204 | Snake:3  | Found Wuacotu's Antique Weapon Emporium.
 29212 | Snake:3  | Found Femeg's Antique Armour Shoppe.
 29214 | Snake:3  | Found Xumuxzao's Assorted Antiques.
 29263 | Snake:3  | Found Qathireng's Antique Armour Shop.
 29359 | Snake:3  | Noticed Vashnia
 29381 | Snake:3  | Banished Vashnia
 30605 | Snake:4  | Entered Level 4 of the Snake Pit
 30873 | Snake:4  | Received a gift from Okawaru
 30968 | Snake:4  | Reached XP level 18. HP: 120/120 MP: 15/24
 31410 | Snake:4  | Received a gift from Okawaru
 31432 | Snake:4  | Reached skill level 5 in Spellcasting
 31655 | Snake:4  | Received a gift from Okawaru
 32213 | Snake:4  | Reached skill level 10 in Throwing
 32495 | Snake:4  | Reached skill level 10 in Shields
 32703 | Snake:4  | Received a gift from Okawaru
 32873 | Snake:4  | Identified the +0 pair of boots "Goent" {Will+ Regen+ Dex+2
                  | SInv} (Okawaru gifted it to you on level 4 of the Snake
                  | Pit)
 32873 | Snake:4  | Received a gift from Okawaru
 32967 | Snake:4  | Got a serpentine rune of Zot
 33141 | Shoals:1 | Entered Level 1 of the Shoals
 33206 | Shoals:1 | Identified the +5 ring mail of Pan-Flutes {Str-5 Int+6}
 34452 | Shoals:2 | Reached XP level 19. HP: 127/127 MP: 25/30
 35152 | Shoals:3 | Found a frozen archway.
 35156 | IceCv    | Entered an ice cave
 35869 | Shoals:3 | Identified the +1 chain mail of Ubetuucomu {-Cast rF+
                  | Will++} (Okawaru gifted it to you on level 3 of the Shoals)
 35869 | Shoals:3 | Received a gift from Okawaru
 35942 | Shoals:3 | Noticed Polyphemus
 35948 | Shoals:3 | Killed Polyphemus
 37004 | Shoals:4 | Entered Level 4 of the Shoals
 37350 | Shoals:4 | Reached skill level 17 in Fighting
 37583 | Shoals:4 | Reached skill level 10 in Dodging
 37605 | Shoals:4 | Got a barnacled rune of Zot
 37845 | Shoals:4 | Identified the +9 lajatang "Grim" {flame, Str+2 Int+7}
 38609 | Elf:1    | Entered Level 1 of the Elven Halls
 38626 | Elf:1    | Reached skill level 10 in Spellcasting
 38626 | Elf:1    | Upgraded the game from 0.29-a0-110-g189f89ecda to
                  | 0.29-a0-111-gbaf749a769
 38785 | Elf:1    | Found a radiant altar of Vehumet.
 38803 | Elf:1    | Reached XP level 20. HP: 134/134 MP: 34/34
 38832 | Elf:1    | Received a gift from Okawaru
 39243 | Elf:1    | Identified the +1 steam dragon scales "Anir" {rN++}
                  | (Okawaru gifted it to you on level 1 of the Elven Halls)
 39243 | Elf:1    | Received a gift from Okawaru
 40323 | Elf:2    | Found a runed translucent gate.
 40324 | Elf:2    | Found a runed translucent gate.
 40324 | Elf:2    | Found a runed translucent gate.
 40723 | Elf:3    | Entered Level 3 of the Elven Halls
 40734 | Elf:3    | Noticed Donald
 40752 | Elf:2    | Banished Donald
 41075 | Elf:3    | Received a gift from Okawaru
 41742 | Elf:3    | Identified the +5 flail "Yrushik" {protect, Dex+3}
 41933 | Elf:2    | Identified the +2 plate armour of Poveh {Str+2 Dex+6}
                  | (Okawaru gifted it to you on level 2 of the Elven Halls)
 41933 | Elf:2    | Received a gift from Okawaru
 42893 | Vaults:1 | Entered Level 1 of the Vaults
 42904 | D:14     | Reached XP level 21. HP: 140/140 MP: 29/37
 43234 | Vaults:1 | Identified the +0 ring mail of the Earth {rC+}
 43625 | Vaults:1 | You are sucked into a shaft and drop 1 floor!
 43700 | Vaults:2 | Reached skill level 15 in Throwing
 43858 | Vaults:2 | Received a gift from Okawaru
 43918 | Vaults:2 | Found Kuschikoa's Jewellery Shop.
 43942 | Vaults:2 | Found a crumbling gateway.
 43947 | Desolati | Entered the Desolation of Salt
 43974 | Desolati | Reached skill level 18 in Fighting
 44053 | Desolati | Identified the +5 long sword of Karma {flame, rN+ Will+
                  | Dex+4}
 44065 | Desolati | Identified the ring of Beauty {rF+ MP+9}
 44070 | Desolati | Identified the ring "Faishryot" {*Corrode rPois Str+5
                  | Slay+6}
 44074 | Desolati | Identified the +0 pair of gloves of Loroom Lel {rElec rC-
                  | Regen+ Str+9}
 44234 | Desolati | Got the Catalogue of Supportive Conjuration
 44888 | Desolati | Received a gift from Okawaru
 44990 | Desolati | Identified the +8 spear "Meeha" {venom, Drain rPois Str+5
                  | Dex+4}
 44991 | Desolati | Identified the +1 scale mail of Light {rElec rPois Int+6
                  | Dex-4 Slay+3}
 45457 | Vaults:1 | Found Lunue's Jewellery Emporium.
 45489 | Vaults:1 | Reached XP level 22. HP: 148/148 MP: 39/39
 45601 | Vaults:1 | Received a gift from Okawaru
 45797 | Vaults:1 | Received a gift from Okawaru
 45920 | Vaults:1 | Noticed Asterion
 45929 | Vaults:1 | Killed Asterion
 46127 | Vaults:1 | Noticed Aizul
 46139 | Vaults:1 | Killed Aizul
 46498 | Vaults:2 | Reached skill level 19 in Fighting
 46730 | Vaults:2 | Received a gift from Okawaru
 47101 | Vaults:2 | Noticed Frederick
 47140 | Vaults:2 | Killed Frederick
 47395 | Vaults:2 | Reached skill level 1 in Slings
 47395 | Vaults:2 | Reached skill level 1 in Ranged Weapons
 47395 | Vaults:2 | Reached skill level 1 in Crossbows
 47395 | Vaults:2 | Reached XP level 23. HP: 155/155 MP: 40/40
 47476 | Vaults:2 | Received a gift from Okawaru
 47762 | Vaults:2 | Found a staircase to the Crypt.
 48260 | Vaults:3 | Noticed Boris
 48394 | Vaults:3 | Banished Boris
 48820 | Vaults:3 | Reached skill level 15 in Armour
 49415 | Vaults:3 | Reached skill level 20 in Fighting
 50263 | Vaults:4 | Reached XP level 24. HP: 163/163 MP: 35/40
 50439 | Vaults:4 | Received a gift from Okawaru
 51389 | Vaults:4 | Found a transporter.
 51492 | Vaults:4 | Found a transporter.
 51743 | Arena    | Entered the Arena
 51898 | Vaults:4 | Identified the ring of Suspected Treachery {rN+ Will- Str+2
                  | Dex+9}
 51912 | Vaults:4 | Identified the ring "Kudop" {rPois rC+}
 52202 | D:15     | Upgraded the game from 0.29-a0-111-gbaf749a769 to
                  | 0.29-a0-118-g06d03a830b
 52206 | Depths:1 | Entered Level 1 of the Depths
 52218 | Depths:1 | Found Qokhlig's Weapon Emporium.
 52369 | Depths:1 | Received a gift from Okawaru
 52482 | Depths:1 | Found a one-way gateway to a ziggurat.
 53268 | Depths:1 | Found a gateway to Hell.
 53821 | Depths:2 | Found Tup Qiu's Antique Armour Shoppe.
 53825 | Depths:2 | Bought a jewelled cloak for 475 gold pieces
 53825 | Depths:2 | Identified the +2 cloak of the New World {rF+} (You bought
                  | it in a shop on level 2 of the Depths)
 53998 | Depths:2 | Identified the amulet of Hioka {RegenMP Will+}
 54014 | Depths:2 | You are sucked into a shaft and drop 1 floor!
 54167 | Depths:2 | Found Ehosoe's Assorted Antiques.
 54207 | Depths:2 | Identified the +5 chain mail of Indecent Exposure {rElec
                  | Str+3} (Okawaru gifted it to you on level 2 of the Depths)
 54207 | Depths:2 | Received a gift from Okawaru
 54394 | Depths:2 | Reached skill level 21 in Fighting
 54728 | Depths:2 | Identified the ring of the Postmodern Friends {rC+ Str+2
                  | Dex+6}
 54759 | Depths:2 | Reached XP level 25. HP: 160/171 MP: 30/40
 55004 | Depths:2 | Noticed Ceefagg's ghost (adept MiGl)
 55007 | Depths:2 | Found a runed translucent door.
 55110 | Depths:2 | Found a one-way gate leading to the halls of Pandemonium.
 55126 | Depths:2 | Gained mutation: Your body sometimes deteriorates upon
                  | taking damage. [a cacodemon]
 55186 | Depths:2 | Reached skill level 1 in Evocations
 55303 | Depths:2 | Found Mipneum's Jewellery Boutique.
 55654 | Depths:3 | Reached skill level 10 in Invocations
 56136 | Depths:3 | Found a one-way gate to the infinite horrors of the Abyss.
 56689 | Depths:4 | Entered Level 4 of the Depths
 56740 | Depths:4 | Noticed Saint Roka
 56817 | Depths:4 | Killed Saint Roka
 57139 | Depths:4 | Found a snail-covered altar of Cheibriados.
 57198 | Depths:4 | Found a white marble altar of Elyvilon.
 57772 | Depths:4 | Reached skill level 22 in Fighting
 57773 | Depths:4 | Received a gift from Okawaru
 58003 | Depths:4 | Received a gift from Okawaru
 58035 | Depths:4 | Found a gate to the Realm of Zot.
 58362 | Depths:4 | Received a gift from Okawaru
 58365 | Depths:4 | Reached XP level 26. HP: 168/180 MP: 22/40
 59747 | Lair:6   | Reached skill level 5 in Evocations
 59754 | Slime:1  | Entered Level 1 of the Pits of Slime
 59802 | Lair:6   | Received a gift from Okawaru
 60020 | Slime:1  | Received a gift from Okawaru
 60245 | Lair:6   | Received a gift from Okawaru
 61722 | Slime:5  | Entered Level 5 of the Pits of Slime
 62274 | Slime:4  | Reached skill level 23 in Fighting
 62469 | Slime:3  | Found a viscous altar of Jiyva.
 62758 | Slime:5  | Found a viscous altar of Jiyva.
 62792 | Slime:5  | Noticed the Royal Jelly
 62802 | Slime:5  | Killed the Royal Jelly
 62999 | Slime:5  | Found the +7 pair of quick blades "Gyre" and "Gimble"
                  | {protect}
 63000 | Slime:5  | Found the +5 demon whip "Spellbinder" {antimagic, Will+}
 63003 | Slime:5  | Found the +11 plutonium sword {Contam Stlth-}
 63065 | Slime:5  | Identified the ring of Elyvilon's Outrage {Ice +Blink Will+
                  | MP-9}
 63091 | Slime:5  | Identified the +6 scale mail "Obbu" {rN+ Str+3 Slay-3}
 63115 | Slime:5  | Identified the +1 ring mail of Witih {*Corrode rC+ Str+4
                  | Int+6}
 63136 | Slime:5  | Identified the ring of Vucocsiv {Fly rN+ Int+2}
 63153 | Slime:5  | Got a slimy rune of Zot
 63160 | Slime:5  | Identified the +5 falchion of Regicide {freeze, rElec}
 63642 | Elf:3    | Identified the +1 bardiche of Ceupy {venom, rC+}
 63694 | Elf:3    | Identified the +10 dagger of the Six Suns {vorpal, Dex+5}
 63699 | Elf:3    | Identified the amulet of Geoneif {Reflect *Slow rElec rC+
                  | Will+ SH+5}
 63737 | Elf:3    | Identified the +8 halberd "Erelug" {vorpal, Str+4 Int-5
                  | SInv}
 63835 | Elf:3    | Identified the ring of Puxyo {rElec Will+}
 64000 | Elf:3    | Found the +9 heavy crossbow "Sniper" {vorpal, Acc+∞ SInv}
 64038 | Elf:3    | Identified the amulet "Varghafeo" {Reflect rElec rF- rC+
                  | Dex+2 SH+5}
 64045 | Elf:3    | Identified the +5 hand crossbow of the Extremely Mad
                  | {vorpal, Dex+7 Stlth-}
 64067 | Elf:3    | Identified the +2 chain mail "Waxevux" {rElec Int+3}
 64256 | Elf:3    | Received a gift from Okawaru
 64950 | Zot:1    | Entered Level 1 of the Realm of Zot
 65037 | Zot:1    | Reached XP level 27. HP: 188/188 MP: 36/40
 65315 | Zot:1    | Received a gift from Okawaru
 65664 | Zot:1    | Identified the +2 kite shield of Mearoicu {rPois rF+ Will+
                  | Regen+} (Okawaru gifted it to you on level 1 of the Realm
                  | of Zot)
 65664 | Zot:1    | Received a gift from Okawaru
 65664 | Zot:1    | Paralysed by you for 7 turns
 65718 | Zot:1    | Identified the +7 glaive "Zesan" {vorpal, rPois Will- Str+4
                  | SInv}
 68037 | Zot:3    | Noticed an orb of fire
 68048 | Zot:3    | Banished an orb of fire
 68645 | Zot:3    | Received a gift from Okawaru
 68653 | Zot:3    | Reached skill level 15 in Shields
 68852 | Zot:3    | Reached skill level 24 in Fighting
 69319 | Zot:4    | Noticed an orb of fire
 69366 | Zot:4    | Gained mutation: Your spells are a little easier to cast,
                  | but a little less powerful. [an orb of fire]
 69434 | Zot:4    | Gained mutation: You sometimes lose your temper in combat.
                  | [an orb of fire]
 69442 | Zot:3    | Killed an orb of fire
 70456 | Zot:4    | Identified the +5 mace of Ointment {protect, Will+ Dex+3}
 70791 | Zot:5    | Entered Level 5 of the Realm of Zot
 70818 | Zot:5    | Received a gift from Okawaru
 71126 | Zot:5    | Noticed a dread lich
 71126 | Zot:5    | Noticed a dread lich
 71158 | Zot:5    | Noticed an orb of fire
 71248 | Zot:4    | Banished an orb of fire
 71299 | Zot:4    | Killed a dread lich
 71410 | Zot:5    | Killed a dread lich
 71592 | Zot:5    | Noticed an ancient lich
 71604 | Zot:5    | Noticed a dread lich
 71611 | Zot:5    | Killed an ancient lich
 71613 | Zot:5    | Killed a dread lich
 71887 | Zot:5    | Noticed an orb of fire
 71890 | Zot:5    | Killed an orb of fire
 71914 | Zot:5    | Noticed a dread lich
 71920 | Zot:5    | Killed a dread lich
 72470 | Zot:5    | Identified the +6 hand axe of Zotesekk {venom, rC+ rN+}
                  | (Okawaru gifted it to you on level 5 of the Realm of Zot)
 72470 | Zot:5    | Received a gift from Okawaru
 72571 | Zot:5    | Reached skill level 25 in Fighting
 73476 | D:14     | You paid a toll of +3 storm dragon scales to enter a
                  | treasure trove
 73477 | Trove    | Entered a treasure trove
 73548 | Trove    | Reached skill level 10 in Evocations
 73672 | Vaults:5 | Entered Level 5 of the Vaults
 73983 | Vaults:5 | Reached skill level 5 in Stealth
 74079 | Vaults:5 | Identified the +5 plate armour of the Barnacle {Contam
                  | rElec MP+9 Str+4} (Okawaru gifted it to you on level 5 of
                  | the Vaults)
 74079 | Vaults:5 | Received a gift from Okawaru
 74506 | Vaults:5 | Identified the +6 glaive of Wisafrun {chaos, rC++ Dex+7}
 74600 | Vaults:5 | Noticed Margery
 74615 | Vaults:5 | Killed Margery
 74919 | Vaults:5 | Noticed a dread lich
 74929 | Vaults:5 | Killed a dread lich
 75042 | Vaults:5 | Got a silver rune of Zot
 75088 | Vaults:5 | Found the amulet of the Four Winds {rN+ Will+++ Clar}
 75146 | Vaults:5 | Noticed Xtahua
 75149 | Vaults:5 | Killed Xtahua
 75383 | Vaults:5 | Noticed a dread lich
 75390 | Vaults:5 | Killed a dread lich
 75550 | Vaults:5 | Identified the +6 dagger of the Magi {flame, rN+}
 75926 | Vaults:5 | Noticed an ancient lich
 75934 | Vaults:5 | Killed an ancient lich
 76041 | Vaults:5 | Upgraded the game from 0.29-a0-118-g06d03a830b to
                  | 0.29-a0-218-gf2abdc9806
 76267 | Hell     | Entered the Vestibule of Hell
 76267 | Hell     | Noticed Geryon
 76589 | Hell     | Received a gift from Okawaru
 76787 | Hell     | Killed Geryon
 76874 | Depths:1 | Identified the +1 robe "Woxkocih" {Regen+ Dex+4} (Okawaru
                  | gifted it to you on level 1 of the Depths)
 76874 | Depths:1 | Received a gift from Okawaru
 77141 | Hell     | Reached skill level 26 in Fighting
 77148 | Hell     | Noticed Murray
 77154 | Hell     | Killed Murray
 77644 | Hell     | Found a gateway to the decaying netherworld of Tartarus.
 77823 | Hell     | Found a gateway to the ashen valley of Gehenna.
 77869 | Hell     | Found a gateway to the Iron City of Dis.
 77968 | Hell     | Found a gateway to the freezing wastes of Cocytus.
 78040 | Hell     | Lost mutation: Your body sometimes deteriorates upon taking
                  | damage. [potion of mutation]
 78040 | Hell     | Lost mutation: You sometimes lose your temper in combat.
                  | [potion of mutation]
 78040 | Hell     | Lost mutation: Your spells are a little easier to cast, but
                  | a little less powerful. [potion of mutation]
 78040 | Hell     | Gained mutation: You occasionally lose the ability to read
                  | scrolls when taking damage. [potion of mutation]
 78040 | Hell     | Gained mutation: You have sharp toenails. [potion of
                  | mutation]
 78105 | Geh:1    | Entered Level 1 of Gehenna
 78169 | Geh:3    | Reached skill level 10 in Stealth
 78539 | Geh:5    | Noticed an ancient lich
 78554 | Geh:5    | Killed an ancient lich
 78767 | Geh:6    | Received a gift from Okawaru
 78863 | Geh:7    | Entered Level 7 of Gehenna
 79047 | Geh:7    | Received a gift from Okawaru
 80481 | Geh:7    | Found the +7 sceptre of Asmodeus
 80481 | Geh:7    | Noticed Asmodeus
 80492 | Arena    | Entered the Arena
 80511 | Arena    | Killed Asmodeus
 80511 | Arena    | Identified the +0 pair of gloves of Weirdness {Str+3 SInv}
                  | (Okawaru gifted it to you in the Arena)
 80511 | Arena    | Received a gift from Okawaru
 80668 | Geh:7    | Got Tydas's Papyrus of Mutagenic Poison
 80672 | Geh:7    | Identified the +6 scale mail of Kesaw {Rampage Drain +Blink
                  | Regen+}
 80679 | Geh:7    | Identified the ring "Havi" {Fly rPois rC+ Str-5 SInv}
 80691 | Geh:7    | Got an obsidian rune of Zot
 80699 | Geh:7    | Identified the +1 robe "Raodwet" {rCorr Archmagi}
 80710 | Geh:7    | Upgraded the game from 0.29-a0-218-gf2abdc9806 to
                  | 0.29-a0-231-g945431f764
 81047 | Coc:1    | Entered Level 1 of Cocytus
 81114 | Coc:2    | You are sucked into a shaft and drop 1 floor!
 81355 | Hell     | Upgraded the game from 0.29-a0-231-g945431f764 to
                  | 0.29-a0-553-g81b289dbe5
 81355 | Hell     | Upgraded the game from 0.29-a0-553-g81b289dbe5 to
                  | 0.29-a0-559-g359e09b9d1
 81355 | Hell     | Upgraded the game from 0.29-a0-559-g359e09b9d1 to
                  | 0.29-a0-581-ge9a90b782e
 81355 | Hell     | Upgraded the game from 0.29-a0-581-ge9a90b782e to
                  | 0.29-a0-584-gb10a8bf730
 81355 | Hell     | Upgraded the game from 0.29-a0-584-gb10a8bf730 to
                  | 0.29-a0-649-g45c230d69a
 81355 | Hell     | Upgraded the game from 0.29-a0-649-g45c230d69a to
                  | 0.29-a0-659-g28b9d68c38
 81355 | Hell     | Upgraded the game from 0.29-a0-659-g28b9d68c38 to
                  | 0.29-a0-666-g26d293caef
 81355 | Hell     | Upgraded the game from 0.29-a0-666-g26d293caef to
                  | 0.29-a0-670-g5ff2a30383
 81355 | Hell     | Upgraded the game from 0.29-a0-670-g5ff2a30383 to
                  | 0.29-a0-690-g32ab5fea29
 81355 | Hell     | Upgraded the game from 0.29-a0-690-g32ab5fea29 to
                  | 0.30-a0-1070-gd49b78fada
 81361 | Hell     | Upgraded the game from 0.30-a0-1070-gd49b78fada to
                  | 0.31-a0-180-g519b7de00c
 82018 | Zot:5    | Got the Orb of Zot
 82236 | Depths:4 | Noticed Deduc Saa the pandemonium lord
 82736 | D:$      | Escaped with the Orb!

Illustrated notes

Levels and vault maps discovered:
D:1:      mrwooster_arrival_statue, layout_loops_ring,
          hellmonk_ecumenical_altar_lost_god, minmay_misc_feat_columns
D:2:      minmay_chambers_of_ones, layout_loops_ring, minmay_misc_feat_roman,
          minmay_misc_feat_nine_boxes
D:3:      layout_loops_ring, mainiacjoe_overflow_paths, bloody_trog,
          serial_bayou_pond_a, minivault_25, kennysheep_generic_room_12
D:4:      old_forge, layout_loops_cross, slow_altar_1,
          mainiacjoe_overflow_tiny_flanked, minmay_ogre_servants, uniq_duvessa,
          uniq_crazy_yiuf_cottage
D:5:      cheibrodos_quashed, layout_basic, minmay_misc_feat_doors, uniq_edmund
D:6:      layout_rooms
D:7:      layout_gridville, minmay_temple_entry_junction_2, enter_ossuary_4,
          uniq_pikel
D:8:      layout_rooms, nicolae_tso_besieged_by_evil,
          gammafunk_temple_overflow_statue, serial_bayou_pond_b
D:9:      layout_layer_cave, nicolae_qazlal_general_emergency, lair_entry_dummy,
          minmay_evil_grid, uniq_erolcha
D:10:     layout_irregular_city, okawaru_metal_pillars_1_2,
          grunt_dithmenos_smoke_and_mirrors, nrook_campfire
D:11:     layout_basic, uniq_urug
D:12:     layout_grid_maze, serial_shops, nicolae_shop_crystal,
          hangedman_decor_growths
D:13:     layout_stronghold, uniq_rupert, uniq_sonja, uniq_maurice
D:14:     layout_roguey, david_vaults_1, enter_trove_2, uniq_frances,
          uniq_josephine, uniq_louise
D:15:     gammafunk_enter_depths_forms, layout_basic, serial_bayou_pond_b,
          uniq_agnes
Lair:1:   layout_loops_ring, columned_hall_lemuel, uniq_joseph
Lair:2:   layout_layer_cave
Lair:3:   wad_woods_structure_01, layout_gridlike, elwin_shoals_entry_stream,
          gauntlet_entry_generic, nicolae_volcano_entry_two_sided
Lair:4:   layout_roguey, minmay_snake_entry_guardpost_small, basic_altar,
          grunt_megastairs_1
Lair:5:   layout_gridlike, grunt_megastairs_2
Lair:6:   due_jungle_book, layout_layer_cave, slime_altar_1, special_room
          [special_room_mythical_zoo], minmay_lindwurm_lava
Shoals:1: layout_shoals
Shoals:2: layout_shoals
Shoals:3: layout_shoals, portal_ice_cave_entry_pillars_three, uniq_polyphemus
Shoals:4: shoals_end_simple, layout_shoals
Snake:1:  layout_misc_corridors, minmay_shop_grove, uniq_kirke
Snake:2:  layout_chambers, nicolae_large_snake_swirl, lemuel_fruit_tree,
          uniq_azrael
Snake:3:  layout_onion_interference, serial_shops, shop,
          hangedman_snake_pattern, nicolae_specific_store, minmay_shop_star,
          grunt_megastairs_4, uniq_vashnia
Snake:4:  grunt_snake_rune_pools, layout_cave_town,
          nicolae_snake_gridmaze_spiral, nicolae_snake_salamander_fort
Slime:1:  layout_caves
Slime:2:  layout_caves
Slime:3:  layout_caves, basic_altar
Slime:4:  layout_caves
Slime:5
Orc:1:    layout_diamond_mine, serial_shops, shop, nicolae_square_shop,
          basic_altar, nicolae_orc_lava_tube, nicolae_shop_gadgets, uniq_harold
Orc:2:    grunt_orc_community_town_hall, layout_caves,
          grunt_orc_community_big_house_2, grunt_orc_community_big_house_1,
          grunt_orc_community_house_3, grunt_orc_community_house_3,
          grunt_orc_community_house_1, grunt_orc_community_house_2,
          nicolae_orc_lava_room
Elf:1:    eino_elf_arrival_altar, layout_geoelf_octagon,
          hangedman_corner_corridor
Elf:2:    nicolae_elf_blades_crystal_corner, layout_geoelf_diagonals,
          lemuel_flamethrower_2
Elf:3:    minmay_elf_hall_quartered_circle, layout_geoelf_castle, st_stairs_9,
          nrook_mini_backslash, uniq_donald
Vaults:1: ontoclasm_vaults_fire_temple, grunt_vaults_funnel,
          vaults_room_mumra_shop_pool, nicolae_vaults_little_squares_4,
          hangedman_vaults_nodes, nicolae_vaults_diagonal_hallway_7, v_misc_29,
          hangedman_vaults_capsules, v_rooms_3, nicolae_vaults_circle_grid_b,
          nicolae_vaults_network_star, v_misc_25, vaults_room_pools, v_misc_22,
          layout_vaults_maze_bifur, uniq_asterion, uniq_aizul
Vaults:2: portal_desolation_entry_ruin, ontoclasm_vaults_pinch,
          ontoclasm_vaults_misaligned, ontoclasm_vaults_shout, v_misc_12,
          v_misc_18, v_pattern_3, ontoclasm_vaults_twist,
          nicolae_vaults_rhombus_5, minmay_crypt_entry_simple_walls,
          hangedman_vaults_maws, vaults_room_hallway, vaults_dpeg_diagonal,
          grunt_vaults_focal, nicolae_vaults_border_crossing,
          layout_vaults_omnibox, serial_shops, shop, uniq_frederick
Vaults:3: v_misc_17, nicolae_vaults_specimen_jars, nicolae_vaults_shelves_hall,
          vaults_standard_mumra_enter_the_diamond, v_rooms_6,
          layout_vaults_omnigrid, uniq_boris
Vaults:4: vaults_room_corners, ontoclasm_vaults_chip, gammafunk_dig_for_victory,
          ontoclasm_vaults_bender, nicolae_vaults_circle_grid_a,
          vaults_room_door_hall, layout_vaults_chaotic_city
Vaults:5: serial_shops, uniq_xtahua, uniq_margery
Depths:1: minmay_inner_zag, layout_gridlike, enter_ziggurat_f,
          grunt_hell_entry_dis_mu, serial_shops, shop,
          wad_floor_pattern_untrapped, kennysheep_generic_room_16
Depths:2: minmay_cut_squares, layout_basic, grunt_hell_horde,
          infiniplex_staircase_zigzag_3, hellmonk_ghost_happy_afterlife,
          grunt_pan_entry_in_and_out, serial_shops, kennysheep_mini,
          nicolae_shop_hallway_plus, shop_statue
Depths:3: nzn_winding_woodlands_medium [nzn_winding_woodlands_5x5_perimeter,
          nzn_winding_woodlands_5x15_pockets,
          nzn_winding_woodlands_5x5_closed_star,
          nzn_winding_woodlands_5x5_default,
          nzn_winding_woodlands_center_diamonds,
          nzn_winding_woodlands_5x5_three, nzn_winding_woodlands_5x5_open_star,
          nzn_winding_woodlands_5x15_pool,
          nzn_winding_woodlands_5x5_checkerboard], layout_gridlike,
          pf_hell_entry_great_geh, abyss_entry, kennysheep_crisscross,
          grunt_megastairs_5
Depths:4: lemuel_castle_with_subvaults [lemuel_castle_interior_carwin_2],
          layout_honeycomb, hell_entry, lemuel_round_altar,
          nicolae_elyvilon_peaceful_grove, uniq_saint_roka
Hell
Geh:1:    layout_gehenna_pools_triple
Geh:2:    layout_gehenna_pools_box
Geh:3:    layout_gehenna_lava_caves
Geh:4:    layout_gehenna_lava_caves
Geh:5:    layout_gehenna_pools_basic
Geh:6:    layout_gehenna_lava_caves
Geh:7:    geh_mu
Coc:1:    layout_cocytus_water_paths
Coc:2:    layout_ice_bergs
Coc:3:    layout_ice_bergs
Zot:1:    gammafunk_mikee_crab_dinner, layout_onion_interference
Zot:2:    layout_gridville, hangedman_swamp_dais
Zot:3:    layout_gridlike
Zot:4:    layout_cathedral_of_symmetry
Zot:5:    layout_misc_corridors

Skill      XL: |  1  2  3  4  5  6  7  8  9 10 11 12 13 14 15 16 17 18 19 20 21 22 23 24 25 26 27 |
---------------+----------------------------------------------------------------------------------+-----
Dodging        | 3 4 5 8 10 11 13 | 13.0
Maces & Flails | 4 |  4.0
Polearms       | 1 2 4 5 8 10 12 13 14 15 16 17 18 19 20 23 | 23.0
Armour         | 1 2 3 4 5 6 8 9 11 12 13 14 15 16 17 20 | 20.7
Fighting       | 4 5 6 7 9 10 12 14 15 16 17 18 19 20 21 22 23 26 | 26.0
Invocations    | 1 3 4 6 7 9 10 11 | 11.1
Shields        | 3 4 5 6 7 9 10 11 12 13 14 19 | 19.6
Stealth        | 3 4 12 | 12.4
Throwing       | 3 5 9 11 12 14 15 16 17 19 20 21 22 | 22.9
Spellcasting   | 4 7 10 12 13 | 13.0
Slings         | 1 3 |  0.0
Ranged Weapons | 1 2 |  2.4
Crossbows      | 1 3 |  0.0
Evocations     | 4 6 10 | 10.1

Action                     |  1- 3 |  4- 6 |  7- 9 | 10-12 | 13-15 | 16-18 | 19-21 | 22-24 | 25-27 || total
---------------------------+-------+-------+-------+-------+-------+-------+-------+-------+-------++-------
  Melee: Mace              |   107 |       |       |       |       |       |       |       |       ||   107
         Punch             |     2 |     1 |     1 |       |       |       |       |       |       ||     4
         Demon trident     |     3 |    55 |   186 |   305 |  1145 |   857 |   716 |   469 |  2493 ||  6229
  Throw: Boomerang         |       |       |       |       |     1 |   388 |   648 |   309 |   175 ||  1521
         Dart              |       |       |       |       |       |     1 |       |       |    16 ||    17
         Javelin           |       |       |       |       |       |    10 |   103 |    96 |   292 ||   501
         Throwing net      |       |       |       |       |       |       |       |       |     1 ||     1
 Invoke: Heroism           |     2 |       |     1 |     6 |     9 |     8 |    12 |    11 |    14 ||    63
         Finesse           |       |       |       |       |     2 |       |     2 |     5 |     7 ||    16
         Duel              |       |       |       |       |     1 |       |       |     1 |     1 ||     3
  Evoke: Wand              |       |       |       |       |       |       |       |     3 |       ||     3
    Use: Scroll            |     1 |       |     8 |     4 |     3 |    12 |     5 |     4 |     9 ||    46
         Potion            |       |       |       |       |       |     1 |       |     1 |     3 ||     5
   Stab: Sleeping          |     6 |     4 |     6 |     6 |       |       |       |       |       ||    22
         Distracted        |     1 |       |     1 |       |       |     5 |       |       |     2 ||     9
         Paralysed         |       |       |       |       |       |     1 |       |       |       ||     1
         Held in net/web   |       |       |       |       |       |       |       |       |     2 ||     2
         Invisible         |       |       |       |       |       |       |       |       |     1 ||     1
 Armour: Robe              |    13 |       |       |       |       |       |       |       |       ||    13
         Leather armour    |    20 |    15 |    35 |       |       |       |       |       |       ||    70
         Scale mail        |       |       |       |    57 |    66 |       |       |       |       ||   123
         Crystal plate arm |       |       |       |       |   187 |   220 |   242 |    94 |   929 ||  1672
  Dodge: Dodged            |    68 |    24 |    49 |    51 |   180 |   227 |   272 |    97 |   662 ||  1630
  Block: Buckler           |       |       |       |    16 |   191 |   199 |   211 |   107 |   600 ||  1324
         Reflection        |       |       |       |     1 |    33 |    51 |    89 |    40 |   106 ||   320
         Kite shield       |       |       |       |       |       |       |       |       |   304 ||   304

Table legend: (Time is in decaauts)
 A = Elapsed time spent in this place.
 B = Non-inter-level travel time spent in this place.
 C = Inter-level travel time spent in this place.
 D = Time resting spent in this place.
 E = Time spent auto-exploring this place.
 F = Levels seen in this place.
 G = Mean time per level.
                   A        B        C        D        E       F      G
               +--------+--------+--------+--------+--------+-----+--------+
         Total |  80301 |  71941 |   8360 |  19400 |  10564 |  73 | 1100.0 |
       Dungeon |  17107 |  14553 |   2554 |   3137 |   3972 |  15 | 1140.5 |
          Lair |   8507 |   7573 |    934 |   1402 |   1530 |   6 | 1417.8 |
        Shoals |   4724 |   4531 |    193 |   1049 |   1340 |   4 | 1181.0 |
     Snake Pit |   6276 |   5740 |    536 |   1545 |    720 |   4 | 1569.0 |
    Slime Pits |   3171 |   3087 |     84 |   1135 |    532 |   5 |  634.2 |
  Orcish Mines |   2675 |   2227 |    448 |    439 |    246 |   2 | 1337.5 |
   Elven Halls |   4907 |   4519 |    388 |   1136 |    230 |   3 | 1635.7 |
        Vaults |  10153 |   9113 |   1040 |   2297 |    458 |   5 | 2030.6 |
        Depths |   8402 |   7355 |   1047 |   2589 |   1024 |   4 | 2100.5 |
          Hell |   1251 |   1218 |     33 |    454 |      0 |   1 | 1251.0 |
       Gehenna |   2613 |   2317 |    296 |    750 |      5 |   7 |  373.3 |
       Cocytus |    167 |    167 |      0 |      0 |      0 |   3 |   55.7 |
           Zot |   8166 |   7360 |    806 |   2708 |    495 |   5 | 1633.2 |
         Abyss |     23 |     23 |      0 |      0 |      0 |   1 |   23.0 |
         Trove |     90 |     90 |      0 |      0 |      0 |   1 |   90.0 |
       Ossuary |    269 |    269 |      0 |    100 |      0 |   1 |  269.0 |
      Ice Cave |    277 |    277 |      0 |    110 |      0 |   1 |  277.0 |
       Volcano |    429 |    429 |      0 |    164 |     12 |   1 |  429.0 |
    Desolation |   1014 |   1014 |      0 |    326 |      0 |   1 | 1014.0 |
         Arena |     70 |     70 |      0 |     54 |      0 |   3 |   23.3 |
               +--------+--------+--------+--------+--------+-----+--------+

Top non-repeatable levels by time:
Depths:4: 2595 daAuts
Vaults:4: 2507 daAuts
Depths:1: 2428 daAuts
Vaults:2: 2111 daAuts
 Snake:4: 2022 daAuts
Vaults:3: 1982 daAuts
 Snake:3: 1978 daAuts
Vaults:1: 1964 daAuts
  Lair:6: 1947 daAuts
   Zot:3: 1944 daAuts
     D:9: 1925 daAuts
   Geh:7: 1924 daAuts
   Elf:3: 1907 daAuts
Depths:2: 1817 daAuts
  Lair:3: 1781 daAuts
